 Dungeon Crawl Stone Soup version 0.17-a0-1637-g5d65775 (console) character file.

5519 Monkaria the Destroyer (level 10, -3/56 HPs)
             Began as a Deep Elf Conjurer on Aug 7, 2015.
             Was a Believer of Vehumet.
             Slain by ontamu's ghost (18 damage)
             ... on level 9 of the Dungeon.
             The game lasted 00:27:18 (10958 turns).

Monkaria the Destroyer (Deep Elf Conjurer)         Turns: 10958, Time: 00:27:18

Health: -3/56      AC:  5    Str:  3    XL:     10   Next: 43%
Magic:  5/26       EV: 19    Int: 24    God:    Vehumet [**....]
Gold:   326        SH:  0    Dex: 13    Spells: 4 memorised, 17 levels left

rFire  + + .     SeeInvis .     j - staff of fire
rCold  . . .     Clarity  .     x - +1 leather armour {MR+}
rNeg   . . .     SustAt   .     (no shield)
rPois  .         Gourm    .     (helmet restricted)
rElec  .         Spirit   .     (no cloak)
rCorr  .         Warding  .     (no gloves)
rMut   .         Stasis   .     u - +0 pair of boots
MR     +++..                    o - amulet of faith
Stlth  ++........               e - +4 ring of evasion
                                B - +1 ring of evasion

@: extremely resistant to hostile enchantments, unstealthy
A: antennae 2, clumsy 1, fire resistance 1, magic resistance 1, weak 1
a: Renounce Religion


You were on level 9 of the Dungeon.
You worshipped Vehumet.
Vehumet was pleased with you.
You were not hungry.

You visited 2 branches of the dungeon, and saw 10 of its levels.

You collected 326 gold pieces.

Inventory:

Missiles
 f - 59 poisoned needles
 q - 6 needles of paralysis
Armour
 u - a +0 pair of boots (worn)
 x - a +1 leather armour of magic resistance (worn)
Magical staves
 j - an uncursed staff of fire (weapon)
Jewellery
 e - a +4 ring of evasion (right hand)
 o - an amulet of faith (around neck)
 B - a +1 ring of evasion (left hand)
Magical devices
 g - a wand of paralysis (14)
 k - a wand of invisibility (0)
 t - a wand of digging (11)
 D - a wand of frost (20)
Scrolls
 m - a scroll of blinking
 s - 2 scrolls of remove curse
 v - 2 scrolls of magic mapping
 w - a scroll of random uselessness
 y - a scroll of teleportation
 z - a scroll of vulnerability {unknown}
 A - 2 scrolls of enchant armour {unknown}
 E - a scroll of holy word {unknown}
 H - a scroll of recharging {unknown}
Potions
 a - 2 potions of agility
 h - 3 potions of lignification
 n - a potion of might
 p - a potion of resistance
 r - a potion of curing
 G - a potion of berserk rage
Books
 b - a book of Conjurations

   Spells                             Type                      Level
   a - Magic Dart                     Conjuration                  1
   b - Searing Ray                    Conjuration                  2
   c - Dazzling Spray                 Conjuration/Hexes            3
   d - Fulminant Prism                Conjuration/Hexes            4
   e - Iskenderun's Mystic Blast      Conjuration                  4
   f - Iskenderun's Battlesphere      Conjuration/Charms           5
 i - a book of Annihilations

   Spells                             Type                      Level
   a - Poison Arrow                   Conjuration/Poison           6
   b - Chain Lightning                Conjuration/Air              8
   c - Lehudib's Crystal Spear        Conjuration/Earth            8
   d - Glaciate                       Conjuration/Ice              9
   e - Fire Storm                     Conjuration/Fire             9
Comestibles
 c - 4 bread rations
 d - 4 meat rations
 l - 3 beef jerkies
 F - 3 fruits


   Skills:
 - Level 4.0 Fighting
 - Level 5.2 Armour
 - Level 8.0 Dodging
 - Level 2.4 Stealth
 - Level 10.2 Spellcasting
 + Level 10.7 Conjurations


You had 17 spell levels left.
You knew the following spells:

 Your Spells              Type           Power        Failure   Level  Hunger
a - Magic Dart            Conj           ####         1%          1    None
b - Searing Ray           Conj           ######       1%          2    None
c - Iskenderun's Mystic   Conj           ######..     1%          4    #......
d - Iskenderun's Battles  Conj/Chrm      #####...     34%         5    ####...


Dungeon Overview and Level Annotations

Branches:
Dungeon (9/15)             Temple (1/1) D:6
   Lair: D:8-11         Orc: D:9-12

Altars:
Ashenzari
Cheibriados
Dithmenos
Elyvilon
Fedhas
Gozag
Kikubaaqudgha
Makhleb
Nemelex Xobeh
Okawaru
Qazlal
Ru
Sif Muna
Trog
Vehumet
Xom
Yredelemnul
Zin
The Shining One
Lugonu

Shops:
D:4 %

Annotations:
D:9 ontamu's ghost, powerful DrTm


Innate Abilities, Weirdness & Mutations

You have a pair of antennae on your head.
You are clumsy. (Dex -2)
Your flesh is heat resistant.
You are resistant to hostile enchantments.
You are weak. (Str -2)


Message History

The orb of energy explodes!
Your battlesphere fires!
The barrage of energy hits ontamu's ghost.
Ontamu's ghost is moderately damaged.
Ontamu's ghost hits you!
* * * LOW HITPOINT WARNING * * *
Unknown command.
Casting: Iskenderun's Mystic Blast
Confirm with . or Enter, or press ? or * to list all spells.
Aiming: Iskenderun's Mystic Blast
Press: ? - help, Shift-Dir - straight line, f/p - ontamu's ghost
Aim: ontamu's ghost (moderately damaged)
The orb of energy hits ontamu's ghost.
Ontamu's ghost is moderately damaged.
The orb of energy explodes!
Your battlesphere fires!
The barrage of energy hits ontamu's ghost.
Ontamu's ghost is moderately damaged.
Ontamu's ghost hits you!!
You die...

.........................#
#..>.##############......#
#.##.#............#....#.#
#.##.#........# ##......#
#....#####'#..####.......#
##.........#..##.#.......#
.#......##.#.....'.......#
.#......##.#.....#..#..#.#
##.........#####@#.......#
..########...# #W####....#
#.#......#...#......#.#..#
..#####..#...#......#.#..#
......#..#.#.#.*.####....#
.#..#.#..'...#####.......#
.#..#.#..##........#.....#
.#..#.#...#†....#..#..##.#
......#####..............#


You could see ontamu's ghost.

Vanquished Creatures
  Prince Ribbit (D:7)
  A two-headed ogre (D:8)
  The ghost of Monkaria the Destroyer, an average DECj (D:5)
  2 hippogriffs
  A hungry ghost (D:8)
  5 ogres
  An orc warrior (D:7)
  4 sky beasts
  An ice beast (D:6)
  A necrophage (D:9)
  4 phantoms
  3 centaurs
  3 big kobolds
  4 giant frogs
  A gnoll sergeant (D:5)
  3 scorpions
  5 killer bees (D:7)
  16 wights
  4 crimson imps
  2 giant frog zombies
  A gnoll shaman (D:5)
  2 jellies
  2 centaur skeletons
  A giant frog skeleton (D:8)
  Ijyb (D:2)
  5 iguanas
  6 hounds
  2 orc priests
  3 orc wizards
  7 worker ants
  A hound skeleton (D:9)
  8 gnolls (D:5)
  15 adders
  A shadow imp (D:5)
  An ooze (D:3)
  4 adder skeletons
  An adder zombie (D:8)
  4 worms
  5 giant geckos
  19 orcs
  2 ball pythons
  7 bats
  A bat zombie (D:4)
  6 giant cockroaches
  10 goblins
  8 hobgoblins
  21 jackals
  2 giant gecko skeletons (D:6)
  7 giant newts
  A jackal skeleton (D:8)
  30 kobolds
  5 quokkas
  A quokka zombie (D:6)
  12 rats
  A spectral orc (D:2)
  3 butterflies (D:6)
269 creatures vanquished.

Vanquished Creatures (others)
  A kobold (D:7)
  A quokka (D:7)
2 creatures vanquished.

Grand Total: 271 creatures vanquished

Notes
Turn   | Place    | Note
--------------------------------------------------------------
     0 | D:1      | Monkaria the Deep Elf Conjurer began the quest for the Orb.
     0 | D:1      | Reached XP level 1. HP: 10/10 MP: 6/6
   143 | D:1      | Reached XP level 2. HP: 15/15 MP: 4/8
   186 | D:1      | Reached skill level 5 in Conjurations
   668 | D:1      | Reached XP level 3. HP: 13/19 MP: 1/9
   682 | D:1      | Learned a level 2 spell: Searing Ray
   899 | D:2      | Found a basalt altar of Yredelemnul.
   947 | D:2      | Noticed Ijyb
  1165 | D:2      | Killed Ijyb
  1165 | D:2      | Reached skill level 6 in Conjurations
  1255 | D:2      | Reached XP level 4. HP: 24/24 MP: 5/10
  1519 | D:2      | Found a shattered altar of Ashenzari.
  2013 | D:3      | Reached skill level 7 in Conjurations
  2013 | D:3      | Reached XP level 5. HP: 15/28 MP: 2/11
  2714 | D:3      | Found a shadowy altar of Dithmenos.
  2913 | D:4      | Found Noifuy's Food Emporium.
  3118 | D:4      | Reached skill level 8 in Conjurations
  3118 | D:4      | Reached XP level 6. HP: 32/32 MP: 8/12
  3156 | D:4      | Noticed a phantom
  3177 | D:4      | Killed a phantom
  3420 | D:4      | Noticed an ogre
  3430 | D:4      | Killed an ogre
  3430 | D:4      | Reached skill level 5 in Spellcasting
  3975 | D:4      | Found an ancient bone altar of Kikubaaqudgha.
  4177 | D:4      | Reached XP level 7. HP: 36/36 MP: 14/18
  4451 | D:5      | Entered Level 5 of the Dungeon
  4611 | D:5      | Noticed Monkaria's ghost (average DECj)
  4641 | D:5      | Gained mutation: Your body sometimes deteriorates upon taking damage. [potion of mutation]
  4641 | D:5      | Gained mutation: You can spit weak poison. [potion of mutation]
  4641 | D:5      | Lost mutation: Your body sometimes deteriorates upon taking damage. [potion of mutation]
  4720 | D:5      | Killed Monkaria's ghost
  4720 | D:5      | Reached skill level 9 in Spellcasting
  4940 | D:5      | Reached XP level 8. HP: 31/41 MP: 15/23
  5089 | D:5      | Reached skill level 10 in Spellcasting
  5267 | D:5      | Found a sacrificial altar of Ru.
  5864 | D:5      | Learned a level 4 spell: Iskenderun's Mystic Blast
  5870 | D:5      | Learned a level 5 spell: Iskenderun's Battlesphere
  5888 | D:6      | Reached skill level 1 in Armour
  5920 | D:6      | Found a staircase to the Ecumenical Temple.
  5938 | D:6      | Gained mutation: You have a pair of small antennae on your head. [mutagenic meat]
  5950 | Temple   | Entered the Ecumenical Temple
  6158 | D:6      | Found a stormy altar of Qazlal.
  6307 | D:6      | Reached XP level 9. HP: 45/45 MP: 18/25
  6334 | D:6      | Found a snail-covered altar of Cheibriados.
  6373 | D:6      | Found a sparkling altar of Nemelex Xobeh.
  6584 | D:6      | Reached skill level 5 in Armour
  6647 | D:6      | Found an opulent altar of Gozag.
  6764 | D:7      | Noticed Prince Ribbit
  6984 | D:7      | Killed Prince Ribbit
  6984 | D:7      | Reached skill level 1 in Fighting
  7505 | D:7      | Found a radiant altar of Vehumet.
  7755 | D:7      | Became a worshipper of Vehumet
  8279 | D:7      | Found an iron altar of Okawaru.
  8503 | D:8      | Reached skill level 5 in Dodging
  9061 | D:8      | Reached XP level 10. HP: 46/56 MP: 21/26
  9149 | D:8      | Acquired Vehumet's first power
  9149 | D:8      | Offered knowledge of Sting by Vehumet.
  9433 | D:8      | Found a burning altar of Makhleb.
 10352 | D:9      | Reached skill level 10 in Conjurations
 10356 | D:9      | Lost mutation: You can spit weak poison. [mutagenic meat]
 10357 | D:9      | Gained mutation: Your flesh is heat resistant. [mutagenic meat]
 10358 | D:9      | Gained mutation: You have a pair of antennae on your head. [mutagenic meat]
 10359 | D:9      | Gained mutation: Your body sometimes deteriorates upon taking damage. [mutagenic meat]
 10360 | D:9      | Gained mutation: You are resistant to hostile enchantments. [mutagenic meat]
 10361 | D:9      | Gained mutation: You are weak. (Str -2) [mutagenic meat]
 10533 | D:9      | Gained mutation: You are clumsy. (Dex -2) [mutagenic meat]
 10534 | D:9      | Lost mutation: Your body sometimes deteriorates upon taking damage. [mutagenic meat]
 10866 | D:9      | Offered knowledge of Sandblast by Vehumet.
 10945 | D:9      | Noticed ontamu's ghost (powerful DrTm)
 10958 | D:9      | Slain by ontamu's ghost

Vault maps used:
D:1:      dpeg_arrival_simpleton_a, minmay_tree_intersection, item_on_display_a
D:2:      lemuel_coloured_pillars_altar, yredelemnul_forgotten_temple_becter,
          uniq_iyjb
D:3:      old_standard_altar
D:4:      lemuel_zombie_altar_kikubaaqudgha, serial_shops, shop, first_bread,
          solitary_fountain
D:5:      nicolae_ru_path_of_blood
D:6:      kennysheep_mini, nicolae_overflow_crystal_walls, old_standard_altar,
          nicolae_qazlal_general_emergency, minmay_temple_entry_butterflies,
          abandoned_shop
D:7:      kennysheep_kobold_camp, fiery_altar_vehumet, old_standard_altar,
          uniq_prince_ribbit1
D:8:      kennysheep_little_box
Temple:   corrupted_temple

Action                   |  1- 3 |  4- 6 |  7- 9 | 10-12 || total
-------------------------+-------+-------+-------+-------++-------
Melee: Unarmed           |     5 |       |       |       ||     5
       Staff             |       |     2 |    26 |     2 ||    30
 Cast: Magic Dart        |    55 |    83 |   113 |    20 ||   271
       Searing Ray       |     6 |    17 |    73 |    34 ||   130
       Iskenderun's Myst |       |       |     5 |     3 ||     8
       Iskenderun's Batt |       |       |       |     1 ||     1
  Use: Potion            |       |       |     8 |     2 ||    10
       Scroll            |       |       |    10 |     5 ||    15
  Eat: Chunk             |     1 |     8 |    15 |    15 ||    39
       Pizza             |       |       |     1 |       ||     1
